 Dungeon Crawl Stone Soup version 0.20.0-10-g0535bb4 (webtiles) character file.

112 Chiseanne the Magician (level 4, -5/45 HPs)
             Began as a Demonspawn Wizard on June 6, 2017.
             Slain by Grinder (8 damage)
             ... on level 3 of the Dungeon.
             The game lasted 00:06:59 (3186 turns).

Chiseanne the Magician (Demonspawn Wizard)          Turns: 3186, Time: 00:07:00

Health: -5/45      AC:  5    Str: 13    XL:     4   Next: 64%
Magic:  7/10       EV: 12    Int: 20    God:
Gold:   125        SH:  5    Dex: 11    Spells: 2/11 levels left

rFire    . . .     SeeInvis .   a - +2 spear (flame)
rCold    . . .     Gourm    .   (no shield)
rNeg     . . .     Faith    .   n - +0 robe
rPois    .         Spirit   .   b - +0 hat
rElec    .         Reflect  +   (no cloak)
rCorr    .         Harm     .   (no gloves)
MR       .....                  q - +0 pair of boots
Stlth    ..........             c - +5 amulet of reflection
Regen    0.2/turn               (no ring)
MPRegen  0.2/turn               (no ring)

@: mighty, berserking, very slightly contaminated, very quick
A: yellow scales 1
a: no special abilities


You were on level 3 of the Dungeon.
You were not hungry.

You visited 1 branch of the dungeon, and saw 3 of its levels.

You collected 125 gold pieces.

Inventory:

Hand Weapons
 a - a +2 spear of flaming (weapon)
 r - a +0 blowgun
Missiles
 e - 23 sling bullets
 f - 22 bolts
 p - 37 poisoned needles
 t - a throwing net (quivered)
Armour
 b - a +0 hat (worn)
 n - a +0 robe (worn)
 q - a +0 pair of boots (worn)
Jewellery
 c - a +5 amulet of reflection (around neck)
 m - an uncursed ring of fire
Scrolls
 l - 2 scrolls of remove curse
Potions
 h - a potion of resistance
Comestibles
 d - 3 bread rations
 i - a chunk of flesh
 k - 4 meat rations


   Skills:
 - Level 1.7 Dodging
 - Level 1.7 Stealth
 * Level 4.2 Spellcasting
 * Level 3.1 Conjurations
   Level 1.0 Summonings
 - Level 0.8 Translocations


You had 2 spell levels left.
You knew the following spells:

 Your Spells              Type           Power        Failure   Level  Hunger
a - Magic Dart            Conj           ###.         3%          1    None
b - Blink                 Tloc           N/A          13%         2    #......
c - Conjure Flame         Conj/Fire      ##......     21%         3    ###....
d - Mephitic Cloud        Conj/Pois/Air  #.......     24%         3    ###....


Dungeon Overview and Level Annotations

Branches:
Dungeon (3/15)

Altars:

Annotations:
D:3 Grinder


Innate Abilities, Weirdness & Mutations

You are partially covered in yellow scales. (AC +2)


Message History

Aim: Grinder (heavily wounded)
The magic dart hits Grinder.
Grinder is heavily wounded.
Grinder hits you.
* * * LOW HITPOINT WARNING * * *
You writhe in agony.
* * * LOW HITPOINT WARNING * * *
You block the giant cockroach's attack.
It was a potion of might.
You feel very mighty all of a sudden.
The giant cockroach bites you but does no damage.
Grinder completely misses you.
It was a potion of berserk rage.
A red film seems to cover your vision as you go berserk!
You feel yourself moving faster!
You feel mighty! The giant cockroach closely misses you.
Grinder barely misses you.
You closely miss Grinder.
Grinder is heavily wounded.
The giant cockroach barely misses you. Grinder hits you!
You die...

♣♣ ♣.♣ #......# #...#
#...... .♣♣♣♣.♣ #......##
#...# #...... ..♣...♣
#.##.#..####...# #......
♣.....♣ #..........#...#
#....[. ♣♣...♣♣
###........#...# #......
♣.♣♣♣ #........#...#
#...... ♣.♣ #####.....##.#
#...... ♣♣♣
#........###......
#@.......##.......
#s5......##......#
#######.....##.##......#
♣♣♣#.....####..##.#########
♣..............##.#
♣♣.♣#....$......##.#
♣♣♣..♣#............#.#
♣♣♣♣...♣♣#.........$#.#.#
♣.♣.♣.♣♣ #..........#...#


You could see Grinder and a giant cockroach.

Vanquished Creatures
  Terence (D:3)
  A gnoll (D:2)
  An adder (D:2)
  An ooze (D:3)
  A worm (D:2)
  3 dart slugs
  A leopard gecko (D:3)
  A ball python (D:1)
  7 giant cockroaches
  5 hobgoblins
  14 bats
  3 frilled lizards
  7 goblins
  5 kobolds
  7 rats
58 creatures vanquished.

Notes
Turn   | Place    | Note
-------+----------+-------------------------------------------
     0 | D:1      | Chiseanne the Demonspawn Wizard began the quest for the Orb.
     0 | D:1      | Reached XP level 1. HP: 13/13 MP: 4/4
   357 | D:1      | Gained mutation: You are partially covered in yellow scales. (AC +2) [demonic ancestry]
   357 | D:1      | Reached XP level 2. HP: 10/19 MP: 0/6
  1713 | D:2      | Reached XP level 3. HP: 24/24 MP: 4/8
  1915 | D:2      | Learned a level 2 spell: Blink
  1919 | D:2      | Learned a level 3 spell: Conjure Flame
  1923 | D:2      | Learned a level 3 spell: Mephitic Cloud
  2511 | D:3      | Reached XP level 4. HP: 30/30 MP: 6/9
  2571 | D:3      | Noticed Grinder
  2801 | D:3      | Reached skill level 4 in Spellcasting
  2938 | D:3      | Noticed Terence
  2952 | D:3      | Killed Terence
  3167 | D:3      | Paralysed by Grinder for 3 turns
  3186 | D:3      | Slain by Grinder

Skill      XL: |  1  2  3  4 |
---------------+-------------+-----
Conjurations   | 2 3 |  3.1
Spellcasting   | 4 |  4.2
Dodging        | |  1.7
Stealth        | |  1.7
Summonings     | |  1.0
Translocations | |  0.8

Action                   |  1- 3 |  4- 6 || total
-------------------------+-------+-------++-------
Melee: Club              |    15 |       ||    15
       Unarmed           |     1 |       ||     1
       Spear             |    27 |    10 ||    37
 Cast: Magic Dart        |    93 |    30 ||   123
       Mephitic Cloud    |     1 |     1 ||     2
       Conjure Flame     |       |     1 ||     1
  Use: Scroll            |    10 |     1 ||    11
       Potion            |       |     4 ||     4
 Stab: Sleeping          |     1 |       ||     1
  Eat: Chunk             |     5 |     2 ||     7
Armor: Robe              |    21 |     3 ||    24
Dodge: Dodged            |    56 |    13 ||    69
Block: Other             |       |     5 ||     5
       Reflection        |       |     2 ||     2
